 Dungeon Crawl Stone Soup version 0.20.2-3-g29329e0561 (webtiles) character file.

304 Alfie the Skirmisher (level 6, -11/55 HPs)
             Began as a Hill Orc Fighter on Dec 14, 2022.
             Killed by nerve-wracking pain
             ... invoked by Grinder
              (14 damage)
             ... on level 3 of the Dungeon.
             The game lasted 00:06:35 (1979 turns).

Alfie the Skirmisher (Hill Orc Fighter)             Turns: 1979, Time: 00:06:36

Health: -11/55     AC:  9    Str: 21    XL:     6   Next: 38%
Magic:  6/6        EV:  6    Int:  8    God:
Gold:   185        SH:  9    Dex: 10    Spells: 5/5 levels left

rFire    . . .     SeeInvis .   a - +0 rapier
rCold    . . .     Gourm    .   c - +0 shield
rNeg     . . .     Faith    .   j - +0 chain mail {rPois}
rPois    +         Spirit   .   (no helmet)
rElec    .         Reflect  .   (no cloak)
rCorr    .         Harm     .   (no gloves)
MR       .....                  (no boots)
Stlth    ..........             (no amulet)
Regen    0.2/turn               (no ring)
MPRegen  0.1/turn               (no ring)

@: no status effects
A: no striking features
a: no special abilities


You were on level 3 of the Dungeon.
You were very hungry.

You visited 1 branch of the dungeon, and saw 3 of its levels.

You collected 185 gold pieces.

Inventory:

Hand Weapons
 a - a +0 rapier (weapon)
Missiles
 k - 7 tomahawks (quivered)
Armour
 c - a +0 shield (worn)
 j - a +0 chain mail of poison resistance (worn)
Jewellery
 u - an uncursed amulet of the gourmand
Wands
 n - a wand of polymorph (8/24)
Scrolls
 h - a scroll of enchant armour {unknown}
 m - a scroll of amnesia
 o - a scroll of remove curse
 t - a scroll of teleportation {unknown}
 v - a scroll of identify
Potions
 d - 2 potions of might
 i - 3 potions of curing {unknown}
 p - a potion of haste {unknown}
 q - a potion of degeneration {unknown}
 r - 2 potions of heal wounds {unknown}
 s - a potion of brilliance {unknown}
Comestibles
 f - 3 bread rations
 g - 2 fruits
 l - a meat ration


   Skills:
 + Level 4.9 Fighting
 + Level 4.1 Short Blades
 + Level 4.4 Armour
 + Level 0.7 Dodging
 + Level 4.5 Shields


You had 5 spell levels left.
You didn't know any spells.

Dungeon Overview and Level Annotations

Branches:
Dungeon (3/15)

Altars:
Okawaru
Sif Muna

Annotations:
D:3 Grinder


Message History

Grinder hits you but does no damage.
You closely miss Grinder. Grinder hits you.
You writhe in agony.
* * * LOW HITPOINT WARNING * * *
You puncture Grinder!
Grinder is lightly wounded.
Grinder hits you.
* * * LOW HITPOINT WARNING * * *
You writhe in agony.
* * * LOW HITPOINT WARNING * * *
You closely miss Grinder.
Grinder is lightly wounded.
Grinder hits you but does no damage.
You barely miss Grinder.
Grinder is lightly wounded.
Grinder hits you but does no damage.
Your chain mail prevents you from hitting Grinder.
Grinder is lightly wounded.
Grinder gestures at you. Pain shoots through your body!
You die...

###....##
###........#
#...!......##
##.##...##...#
#..#.....#...
######..(((_......
#...†...#.(...#..#
#.####..##..†##.#
#.###.#....5@...#
#.##.####......##
#####.###)###.#.##.#
#######
......^...)##..##
#.# .......
########)##.#.## #.#
####### #.##..# #.#
#.##.####### .#
#.##.......###.#.
####
##.#..<####......
#...


You could see Grinder.

Vanquished Creatures
  Sigmund (D:3)
  An orc priest (D:3)
  A worker ant zombie (D:3)
  3 adders
  An ooze (D:2)
  2 worms (D:2)
  A leopard gecko (D:1)
  7 orcs (D:3)
  3 giant cockroaches
  5 goblins
  10 hobgoblins
  7 jackals
  A quokka (D:3)
  6 bats
  4 frilled lizards
  9 kobolds
  10 rats
72 creatures vanquished.

Notes
Turn   | Place    | Note
-------+----------+-------------------------------------------
     0 | D:1      | Alfie the Hill Orc Fighter began the quest for the Orb.
     0 | D:1      | Reached XP level 1. HP: 19/19 MP: 1/1
   152 | D:1      | Reached XP level 2. HP: 21/27 MP: 2/2
   562 | D:2      | Reached XP level 3. HP: 33/33 MP: 3/3
   593 | D:2      | Found a deep blue altar of Sif Muna.
  1371 | D:3      | Reached XP level 4. HP: 36/41 MP: 4/4
  1845 | D:3      | Reached XP level 5. HP: 17/47 MP: 5/5
  1899 | D:3      | Noticed Sigmund
  1933 | D:3      | Killed Sigmund
  1933 | D:3      | Reached XP level 6. HP: 16/55 MP: 6/6
  1950 | D:3      | Found an iron altar of Okawaru.
  1963 | D:3      | Noticed Grinder
  1976 | D:3      | HP: 2/55 [Grinder (6)]
  1979 | D:3      | Killed from afar by Grinder

Skill      XL: |  1  2  3  4  5 |
---------------+----------------+-----
Fighting       | 4 |  4.9
Short Blades   | 3 4 |  4.1
Armour         | 4 |  4.4
Shields        | 4 |  4.5
Dodging        | |  0.7

Action                   |  1- 3 |  4- 6 || total
-------------------------+-------+-------++-------
Melee: Rapier            |   105 |   163 ||   268
Throw: Tomahawk          |     5 |       ||     5
  Use: Scroll            |     4 |     3 ||     7
       Potion            |       |     3 ||     3
  Eat: Royal jelly       |     1 |       ||     1
       Fruit             |       |     1 ||     1
Armor: Scale mail        |    40 |    15 ||    55
       Chain mail        |       |    69 ||    69
Dodge: Dodged            |    29 |    37 ||    66
Block: Shield            |    49 |    78 ||   127
